[Event "Titled Tuesday Blitz October 31 Late 2023"]
[White "Bokros, Albert"]
[Black "Urbina Perez, Juan Antonio"]
[WhiteFideId "710458"]
[BlackFideId "2217368"]
[WhiteElo "2343"]
[BlackElo "2489"]
[Result "0-1"]
[Round "3"]
[TimeControl "180+1"]
[Date "2023.10.31"]
[WhiteClock "0:00:01"]
[BlackClock "0:00:33"]
[Board "125"]

1. e4 c5 2. Nf3 e6 3. d4 cxd4 4. Bg5 Qa5+ 5. c3 dxc3 6. Nxc3 Nc6 7. a3 Ne5 8. Bf4 Nxf3+ 9. Qxf3 Nf6 10. Bd3 d6 11. b4 Qd8 12. O-O Be7 13. Rac1 a6 14. a4 O-O 15. a5 e5 16. Be3 Be6 17. Nd5 Nxd5 18. exd5 Bd7 19. Bb6 Qe8 20. Rc7 f5 21. Qe2 e4 22. Bb1 Bb5 23. Qd2 Bxf1 24. Kxf1 Rc8 25. Rxb7 Qb5+ 26. Kg1 Qc4 27. Be3 Bf6 28. h3 Rf7 29. Rb6 Be5 30. g3 Qb3 31. Ba2 Qa4 32. Kg2 Rc2 33. Qd1 Qxa2 34. Qh5 Rc8 35. Qg5 Qxd5 36. Rxa6 f4 37. gxf4 Qc4 38. fxe5 Qxa6 39. e6 Rf6 40. e7 Rg6 41. b5 Qxb5 42. Qxg6 hxg6 43. e8=Q+ Rxe8 44. a6 Qxa6 0-1


[Site "https://www.chess.com"]

[Event "Titled Tuesday Blitz October 31 Late 2023"]
[White "Muhammad Shahzeb"]
[Black "Seletsky, Grigory"]
[WhiteFideId "7804806"]
[BlackFideId "14112191"]
[WhiteElo "2331"]
[BlackElo "2474"]
[Result "1-0"]
[Round "3"]
[TimeControl "180+1"]
[Date "2023.10.31"]
[WhiteClock "0:00:07"]
[BlackClock "0:00:00"]
[Board "126"]

1. e4 e6 2. d4 d5 3. Nd2 Nc6 4. Ngf3 Nf6 5. e5 Nd7 6. Be2 f6 7. exf6 Qxf6 8. Nf1 Bd6 9. Ne3 O-O 10. O-O Ne7 11. c4 c6 12. Bd2 Nf5 13. Ng4 Qg6 14. Nge5 Nxe5 15. dxe5 Bc5 16. Bd3 h6 17. b4 Bb6 18. c5 Bd8 19. Nd4 Qf7 20. Bxf5 exf5 21. f4 Be6 22. Qe2 g5 23. fxg5 hxg5 24. a4 Kg7 25. Bc3 Kg6 26. Qd3 g4 27. Rf2 Bg5 28. g3 Qe7 29. Raf1 Qd7 30. Bd2 Bxd2 31. Qxd2 Rf7 32. Ne2 Re8 33. Nf4+ Kg7 34. Qd4 Ref8 35. Nh5+ Kg6 36. Nf6 1-0


[Site "https://www.chess.com"]

[Event "Titled Tuesday Blitz October 31 Late 2023"]
[White "SlippperyWhenWet"]
[Black "Wanyama, Harold"]
[BlackFideId "10000380"]
[WhiteElo "2316"]
[BlackElo "2459"]
[Result "1-0"]
[Round "3"]
[TimeControl "180+1"]
[Date "2023.10.31"]
[WhiteClock "0:01:11"]
[BlackClock "0:00:12"]
[Board "127"]

1. d4 d5 2. Nf3 e6 3. b3 Nf6 4. Bb2 Bd6 5. Nbd2 O-O 6. e3 b6 7. Bd3 Bb7 8. Ne5 c5 9. f4 Nc6 10. O-O Ne7 11. Ndf3 Ne4 12. Qe1 Rc8 13. g4 f6 14. Qh4 fxe5 15. fxe5 Rxf3 16. Rxf3 Bb8 17. Raf1 Ng6 18. Qxd8+ Rxd8 19. Bxe4 dxe4 20. Rf7 Bc6 21. c4 b5 22. d5 exd5 23. e6 d4 24. e7 Nxe7 25. exd4 Ng6 26. d5 Be5 27. dxc6 Bxb2 28. c7 Re8 29. Rd7 Bd4+ 30. Kh1 Bf6 31. Rxf6 gxf6 32. Rd8 1-0


[Site "https://www.chess.com"]

[Event "Titled Tuesday Blitz October 31 Late 2023"]
[White "Musovic, Armin"]
[Black "Fernandez Siles, Luis"]
[WhiteFideId "939935"]
[BlackFideId "2209420"]
[WhiteElo "2458"]
[BlackElo "2302"]
[Result "0-1"]
[Round "3"]
[TimeControl "180+1"]
[Date "2023.10.31"]
[WhiteClock "0:01:09"]
[BlackClock "0:00:07"]
[Board "128"]

1. a3 g6 2. Nc3 d5 3. e4 dxe4 4. Nxe4 Bg7 5. Nf3 Nc6 6. Bc4 Nf6 7. Nxf6+ Bxf6 8. h3 O-O 9. d3 Qd6 10. O-O e5 11. Re1 Be6 12. Bxe6 Qxe6 13. Ng5 Bxg5 14. Bxg5 f6 15. Be3 Rfe8 16. Qg4 Rad8 17. Qh4 Nd4 18. Rac1 Nf5 19. Qg4 Nxe3 20. Rxe3 Rd4 21. Qe2 Qd7 22. c3 Rd6 23. d4 Rde6 24. Re1 Kf7 25. dxe5 Rxe5 26. Qc4+ Kg7 27. Rxe5 Rxe5 28. Rxe5 fxe5 29. Qe4 c6 30. Kh2 Qd6 31. Kg3 h5 32. h4 b6 33. f3 Qd5 34. Qb4 Kf7 35. Qa4 a5 36. Qe4 Qxe4 37. fxe4 Ke6 38. Kf3 Kf6 39. Ke3 Ke6 40. Kd3 Kd6 41. a4 Kc5 42. Kc2 b5 43. Kb3 Kb6 44. g3 Kc5 45. axb5 cxb5 46. Ka3 b4+ 47. Kb3 a4+ 48. Kc2 bxc3 49. Kxc3 Kb5 50. Kd2 Kb4 51. Kd1 Kb3 52. Kc1 Kb4 53. Kb1 Kc4 54. Ka2 Kd4 55. Ka3 Kxe4 56. Kxa4 Kd5 57. Kb4 Kd4 58. Kb3 Kd3 59. Ka4 e4 60. b4 e3 61. b5 e2 62. b6 e1=Q 63. Kb5 Qe8+ 64. Kc5 Ke4 65. b7 Qb8 66. Kc6 Kf5 67. g4+ Kxg4 68. Kd7 Kxh4 69. Ke7 Kg4 70. Kf7 h4 71. Kg7 h3 72. Kh7 h2 73. Kg7 Qxb7+ 74. Kf6 h1=Q 75. Ke5 Qhd5+ 76. Kf6 Qbf7# 0-1


[Site "https://www.chess.com"]

[Event "Titled Tuesday Blitz October 31 Late 2023"]
[White "De Souza, Cristiano Gomes"]
[Black "Yeritsyan, Hayk"]
[WhiteFideId "2151758"]
[BlackFideId "13307320"]
[WhiteElo "2237"]
[BlackElo "2440"]
[Result "0-1"]
[Round "3"]
[TimeControl "180+1"]
[Date "2023.10.31"]
[WhiteClock "0:00:03"]
[BlackClock "0:00:34"]
[Board "129"]

1. d4 d5 2. c4 c6 3. Nf3 Nf6 4. Nc3 e6 5. Bg5 Nbd7 6. e3 Qa5 7. Nd2 Bb4 8. Qc2 dxc4 9. Bxf6 Nxf6 10. Nxc4 Bxc3+ 11. bxc3 Qc7 12. Bd3 O-O 13. Ne5 c5 14. O-O b6 15. Rac1 Bb7 16. f3 Rfd8 17. Rfd1 Rac8 18. Qd2 Nd7 19. Nxd7 Qxd7 20. Be4 Qe7 21. Bxb7 Qxb7 22. e4 Qa6 23. Kf2 h6 24. g3 Qa5 25. Qb2 Rd7 26. Rd2 Rcd8 27. Rcd1 Rd6 28. Rd3 Qa4 29. R1d2 Qa5 30. Qc2 e5 31. dxe5 Rxd3 32. Rxd3 Rxd3 33. Qxd3 Qxa2+ 34. Kg1 Qe6 35. f4 g5 36. Qd5 Qxd5 37. exd5 a5 38. Kf2 a4 39. Ke2 a3 40. d6 Kf8 41. f5 a2 42. e6 fxe6 43. f6 a1=Q 44. d7 Qa8 0-1


[Site "https://www.chess.com"]

[Event "Titled Tuesday Blitz October 31 Late 2023"]
[White "Desideri, Ricardo Maruchi"]
[Black "Kovalevsky, Stanislav"]
[WhiteFideId "2110440"]
[BlackFideId "13508598"]
[WhiteElo "1961"]
[BlackElo "2411"]
[Result "0-1"]
[Round "3"]
[TimeControl "180+1"]
[Date "2023.10.31"]
[WhiteClock "0:02:30"]
[BlackClock "0:02:27"]
[Board "130"]

1. e4 c6 2. d4 d5 3. e5 c5 4. dxc5 e6 5. Qg4 Nd7 6. f4 Nxc5 7. a3 Ne7 8. Nc3 Nf5 9. Nf3 h5 10. Qh3 d4 11. Ne4 Nxe4 0-1


[Site "https://www.chess.com"]

[Event "Titled Tuesday Blitz October 31 Late 2023"]
[White "Kawuma, Patrick"]
[Black "Hambleton, Aman"]
[WhiteFideId "10000127"]
[BlackFideId "2606577"]
[WhiteElo "2406"]
[BlackElo "2784"]
[Result "0-1"]
[Round "3"]
[TimeControl "180+1"]
[Date "2023.10.31"]
[WhiteClock "0:00:06"]
[BlackClock "0:00:03"]
[Board "131"]

1. Nf3 d5 2. g3 c6 3. Bg2 Nf6 4. O-O Bf5 5. c4 Bxb1 6. Rxb1 e6 7. cxd5 cxd5 8. Qb3 Qb6 9. Qxb6 axb6 10. a3 Nc6 11. d3 Be7 12. Be3 Bc5 13. Bf4 O-O 14. Rbc1 h6 15. Ne5 g5 16. Nxc6 gxf4 17. Ne5 fxg3 18. hxg3 Bd4 19. Nf3 Bxb2 20. Rb1 Bxa3 21. Rxb6 Ra7 22. Rfb1 Rb8 23. Ne5 Bc5 24. Nc6 Bxb6 25. Nxb8 Bc7 26. Rc1 Bxb8 27. Rc8+ Kg7 28. Rxb8 Nd7 29. Rd8 b5 30. e4 dxe4 31. dxe4 b4 32. Bf1 b3 33. Bd3 Nc5 34. Kg2 Nxd3 35. Rxd3 Rb7 36. Rd1 b2 37. Rb1 Rb3 38. Kf1 Kf6 39. Ke2 Ke5 40. f3 Kd4 41. Rd1+ Kc3 0-1


[Site "https://www.chess.com"]

[Event "Titled Tuesday Blitz October 31 Late 2023"]
[White "Sailer, Mike"]
[Black "Djordjevic, Vuk"]
[WhiteFideId "2012901"]
[BlackFideId "902098"]
[WhiteElo "2054"]
[BlackElo "2771"]
[Result "0-1"]
[Round "3"]
[TimeControl "180+1"]
[Date "2023.10.31"]
[WhiteClock "0:00:10"]
[BlackClock "0:00:56"]
[Board "132"]

1. d4 Nf6 2. Bg5 d5 3. Bxf6 gxf6 4. e3 c5 5. c4 dxc4 6. Bxc4 cxd4 7. exd4 Bg7 8. Nf3 O-O 9. h3 f5 10. O-O Nc6 11. d5 Bxb2 12. Qc2 Bxa1 13. dxc6 bxc6 14. Nc3 Bxc3 15. Qxc3 Qd6 16. Re1 Be6 17. Bxe6 fxe6 18. Ne5 Rf6 19. Re3 f4 20. Rd3 Qb8 21. Rd7 Qe8 22. Qxc6 Rd8 23. Rxd8 Qxd8 24. f3 Qd4+ 25. Kh2 Qxe5 0-1


[Site "https://www.chess.com"]

[Event "Titled Tuesday Blitz October 31 Late 2023"]
[White "Zivic, Dragan"]
[Black "Tanenbaum, Zachary"]
[WhiteFideId "904740"]
[BlackFideId "2060850"]
[WhiteElo "2315"]
[BlackElo "2695"]
[Result "0-1"]
[Round "3"]
[TimeControl "180+1"]
[Date "2023.10.31"]
[WhiteClock "0:00:35"]
[BlackClock "0:00:12"]
[Board "133"]

1. c4 e5 2. Nc3 Nf6 3. Nf3 Nc6 4. g3 Bc5 5. Nxe5 Bxf2+ 6. Kxf2 Nxe5 7. e4 c5 8. d4 cxd4 9. Qxd4 O-O 10. Bf4 d6 11. Rd1 Bg4 12. Be2 Bxe2 13. Kxe2 Qc8 14. b3 Qg4+ 15. Kf2 Qf3+ 16. Kg1 Rfe8 17. Rf1 Qg4 18. h3 Nf3+ 19. Kg2 Nxd4 20. hxg4 Nxg4 21. Rd1 Ne6 22. Rxd6 g5 23. Bd2 Rad8 24. Rxd8 Rxd8 25. Nd5 Kg7 26. Bc3+ f6 27. Kf3 Ne5+ 28. Kg2 Nc5 29. Re1 Re8 30. b4 Na4 31. Ba1 Nxc4 32. Bxf6+ Kg6 33. Bd4 Nd6 34. e5 Nf5 35. Bf2 Nb2 36. e6 Nd3 37. Re2 Nxf2 38. Kxf2 Nd4 39. Nc7 Rf8+ 40. Ke3 Nxe2 41. e7 Rc8 42. e8=Q+ Rxe8+ 43. Nxe8 Nxg3 44. Nd6 Nf5+ 45. Kf3 Nxd6 0-1


[Site "https://www.chess.com"]

[Event "Titled Tuesday Blitz October 31 Late 2023"]
[White "Fernandez, Maria Florencia"]
[Black "Martinez Ramirez, Lennis"]
[WhiteFideId "116459"]
[BlackFideId "3509079"]
[WhiteElo "2312"]
[BlackElo "2693"]
[Result "1/2-1/2"]
[Round "3"]
[TimeControl "180+1"]
[Date "2023.10.31"]
[WhiteClock "0:00:06"]
[BlackClock "0:01:11"]
[Board "134"]

1. d4 Nf6 2. c4 e6 3. Nc3 Bb4 4. a3 Bxc3+ 5. bxc3 O-O 6. f3 d5 7. e3 c5 8. Bd3 Nc6 9. Ne2 e5 10. cxd5 Nxd5 11. e4 Nde7 12. d5 Na5 13. c4 b6 14. O-O Ba6 15. Qc2 Nc8 16. Bb2 f6 17. f4 Re8 18. fxe5 fxe5 19. Rf5 Nd6 20. Rxe5 Bxc4 21. Rxe8+ Qxe8 22. e5 Bxd3 23. Qxd3 Ndc4 24. Bc3 Nxe5 25. Qg3 Nac4 26. Nf4 Ng6 27. Ne6 Qd7 28. Rd1 Re8 29. Nxg7 Re3 30. Qb8+ Nf8 31. Rf1 Qe7 32. Ne6 Rxe6 33. dxe6 Nd6 34. Bf6 Qxe6 35. Bh4 Nf5 36. Bf2 h5 37. Qf4 Ng6 38. Qg5 h4 39. h3 a5 40. Re1 Qf7 41. Rd1 Ne7 42. Rd8+ Kg7 43. Rb8 Qb3 44. Rb7 Qd1+ 45. Kh2 Qd6+ 46. Kh1 Kf7 47. Qh5 Qf4 48. Qf3 Qxf3 49. gxf3 Ke6 50. Rxb6+ Kd5 51. Ra6 Nc6 52. f4 Nxf4 53. Bxh4 Nxh3 54. Bg3 Ng5 55. Ra8 Ne4 56. Be1 c4 57. Bxa5 c3 58. Bxc3 Nxc3 59. a4 Kc5 60. a5 Kb5 61. a6 Kb6 62. Rg8 Nb5 63. Rg6 Na7 64. Rf6 Kxa6 65. Kg1 Kb5 66. Kf2 Kc5 67. Ke3 Nb4 68. Kf4 Nd5+ 69. Kf5 Nb5 70. Re6 Nd4+ 71. Ke5 Ne3 72. Re8 Nc4+ 73. Kf4 Nb6 74. Kg3 Nf5+ 75. Kh2 Kd6 76. Rf8 Ne7 77. Rf6+ Kc7 78. Rxb6 Kxb6 1/2-1/2


[Site "https://www.chess.com"]

[Event "Titled Tuesday Blitz October 31 Late 2023"]
[White "Carnicelli, Valerio"]
[Black "Ward, Ieuan C"]
[WhiteFideId "856185"]
[BlackFideId "406627"]
[WhiteElo "2614"]
[BlackElo "2309"]
[Result "0-1"]
[Round "3"]
[TimeControl "180+1"]
[Date "2023.10.31"]
[WhiteClock "0:00:10"]
[BlackClock "0:00:12"]
[Board "135"]

1. b3 e5 2. Bb2 Nc6 3. e3 g6 4. f4 d6 5. Nf3 Bg7 6. Bb5 Qe7 7. O-O Bd7 8. fxe5 Nxe5 9. Bxd7+ Qxd7 10. Nxe5 Bxe5 11. Bxe5 dxe5 12. Qf3 O-O-O 13. Qxf7 Nh6 14. Qxd7+ Rxd7 15. d3 Nf5 16. e4 Nd4 17. Rf2 b5 18. Nc3 c6 19. Raf1 Kd8 20. Nd1 Re8 21. Ne3 a5 22. Ng4 Rde7 23. c3 Ne6 24. Nxe5 Kc7 25. Rf7 Nc5 26. Rxe7+ Rxe7 27. Rf7 Rxf7 28. Nxf7 Nxd3 29. e5 Nc1 30. e6 Nxa2 31. c4 bxc4 32. bxc4 Nc3 33. c5 a4 34. Ne5 Kd8 35. Nxc6+ Ke8 36. Nb4 a3 37. c6 Nd5 38. Na2 Ke7 39. Kf2 Kxe6 40. Kf3 Kd6 41. Kg4 h6 42. h4 Kxc6 43. Kf3 Kc5 44. Ke4 Nb4 45. Nc1 Kc4 46. Ke5 Kc3 47. Kf6 Kc2 0-1


[Site "https://www.chess.com"]

[Event "Titled Tuesday Blitz October 31 Late 2023"]
[White "Shtivelband, Richard"]
[Black "Haydon, David L"]
[WhiteFideId "2017342"]
[BlackFideId "415405"]
[WhiteElo "2308"]
[BlackElo "2613"]
[Result "0-1"]
[Round "3"]
[TimeControl "180+1"]
[Date "2023.10.31"]
[WhiteClock "0:00:21"]
[BlackClock "0:01:11"]
[Board "136"]

1. d4 Nf6 2. c4 e6 3. Nf3 b6 4. Nc3 Bb7 5. Bg5 Be7 6. Bxf6 Bxf6 7. e4 d6 8. Be2 Nd7 9. O-O a6 10. Re1 O-O 11. Bf1 c5 12. d5 Bxc3 13. bxc3 exd5 14. exd5 Qf6 15. Qc2 Rfe8 16. Bd3 g6 17. a4 Kg7 18. h4 h6 19. Rab1 Rxe1+ 20. Rxe1 b5 21. axb5 axb5 22. Qe2 bxc4 23. Bxc4 Qxc3 24. Bb5 Nf6 25. Bc6 Bxc6 26. dxc6 Rc8 27. Qe7 Rxc6 28. Rb1 Ra6 29. Rb7 Ra1+ 30. Kh2 Qc4 31. Qxd6 Ra2 32. Rc7 Rxf2 33. Rxc5 Qe2 34. Qg3 Ne4 35. Qe5+ Kh7 0-1


[Site "https://www.chess.com"]

[Event "Titled Tuesday Blitz October 31 Late 2023"]
[White "Harriott, Tyrell"]
[Black "Kozusek, Daniel"]
[WhiteFideId "2086484"]
[BlackFideId "349500"]
[WhiteElo "2307"]
[BlackElo "2583"]
[Result "0-1"]
[Round "3"]
[TimeControl "180+1"]
[Date "2023.10.31"]
[WhiteClock "0:00:28"]
[BlackClock "0:00:06"]
[Board "137"]

1. d4 d5 2. e3 Nf6 3. Bd3 c5 4. c3 Nc6 5. f4 Bg4 6. Ne2 e6 7. Nd2 Bd6 8. O-O O-O 9. Nf3 Bf5 10. Ng3 Bg6 11. Ne5 Bxe5 12. fxe5 Nd7 13. Bxg6 fxg6 14. Qg4 Rxf1+ 15. Nxf1 Qe7 16. Bd2 Rf8 17. Ng3 Nb6 18. b3 Nd7 19. Rc1 b5 20. h4 c4 21. Ra1 a5 22. bxc4 bxc4 23. Bc1 Qf7 24. Ba3 Qf2+ 25. Kh2 Re8 26. e4 Nxd4 27. exd5 Nxe5 28. Qxd4 Nf3+ 29. Kh3 Nxd4 30. cxd4 Qxd4 31. Re1 Qxd5 32. Bb2 e5 33. Ne4 Qe6+ 34. Kh2 Qg4 35. g3 Rf8 36. Bxe5 Re8 37. Nf2 Qf3 38. Nh3 c3 39. Ng5 Qf2+ 40. Kh3 Qxe1 41. Bd4 h5 42. Nf3 Qh1+ 43. Nh2 Re2 44. Bg1 Qg2# 0-1


[Site "https://www.chess.com"]

[Event "Titled Tuesday Blitz October 31 Late 2023"]
[White "Iskusnyh, Sergei"]
[Black "Ardila, Oscar Humberto"]
[WhiteFideId "4120027"]
[BlackFideId "4404742"]
[WhiteElo "2517"]
[BlackElo "2299"]
[Result "1-0"]
[Round "3"]
[TimeControl "180+1"]
[Date "2023.10.31"]
[WhiteClock "0:00:38"]
[BlackClock "0:00:03"]
[Board "138"]

1. d4 Nf6 2. c4 e6 3. g3 Bb4+ 4. Nd2 O-O 5. Bg2 d5 6. Nf3 c6 7. O-O Nbd7 8. Qc2 Re8 9. e4 dxe4 10. Nxe4 Nxe4 11. Qxe4 Nf6 12. Qc2 h6 13. Bf4 Nh5 14. Be3 Bd7 15. Rad1 Qa5 16. a3 Bf8 17. Ne5 Rad8 18. c5 Nf6 19. Nc4 Qc7 20. Bf4 Qc8 21. Bd6 Nd5 22. Bxf8 Rxf8 23. Nd6 Qc7 24. Rfe1 Bc8 25. Nc4 Qe7 26. b4 Qf6 27. Ne5 a6 28. Be4 Qe7 29. Qb3 Qc7 30. Bb1 Bd7 31. Qc2 f5 32. Ba2 Rf6 33. Nc4 Be8 34. Nd6 Bf7 35. Re5 g6 36. Rde1 Kg7 37. Bc4 Bg8 38. Qb2 Rxd6 39. cxd6 Qxd6 40. Bxd5 cxd5 41. Qc3 Rf8 42. Qc5 Qxc5 43. bxc5 Kf6 44. Rb1 Rf7 45. Rb6 Re7 46. Rxd5 Bf7 47. Rdd6 Kg5 48. f4+ Kg4 49. Kg2 g5 50. h3+ Kh5 51. Kf3 g4+ 52. Kg2 gxh3+ 53. Kxh3 Kg6 54. d5 Kf6 55. dxe6 Bxe6 56. Kh4 Kf7 57. Kh5 Bc4 58. Rxh6 Be2+ 59. Kg5 Re3 60. Rxb7+ Kg8 61. Kf6 Bc4 62. Rb8+ 1-0


[Site "https://www.chess.com"]

[Event "Titled Tuesday Blitz October 31 Late 2023"]
[White "Szente Varga, Fruzsina"]
[Black "jactorres"]
[WhiteFideId "712264"]
[WhiteElo "2294"]
[BlackElo "2514"]
[Result "1-0"]
[Round "3"]
[TimeControl "180+1"]
[Date "2023.10.31"]
[WhiteClock "0:00:20"]
[BlackClock "0:00:14"]
[Board "139"]

1. e4 c5 2. Nf3 Nc6 3. Bb5 a6 4. Bxc6 dxc6 5. b3 f6 6. e5 Bg4 7. Bb2 e6 8. h3 Bxf3 9. Qxf3 Qd5 10. Qh5+ g6 11. Qe2 Qxg2 12. Rf1 f5 13. Qc4 Qd5 14. Na3 Ne7 15. O-O-O O-O-O 16. Qa4 Kb8 17. Qa5 Nc8 18. Nc4 Qd7 19. d4 Qc7 20. Qe1 Be7 21. Qe3 Rd5 22. f4 Rhd8 23. Rd3 b5 24. Nd2 cxd4 25. Rxd4 Bc5 26. c3 Bxd4 27. cxd4 c5 28. Kb1 cxd4 29. Qd3 Qb7 30. Nf3 Ne7 31. Ng5 Qd7 32. Nxh7 Nc6 33. Nf6 Nb4 34. Qd2 Qe7 35. Ba3 a5 36. Nxd5 Rxd5 37. Rg1 Qf7 38. Bxb4 axb4 39. Qxb4 d3 40. Qd2 Kb7 41. Rc1 Qd7 42. Rc3 Rd4 43. a3 Qd5 44. Kb2 Qh1 45. Rxd3 Rxd3 46. Qxd3 Qg2+ 47. Kc3 Qc6+ 48. Kb4 Kb6 49. Qd6 Qxd6+ 50. exd6 Kc6 51. a4 bxa4 52. bxa4 Kxd6 53. a5 Kc7 54. Kc5 e5 55. fxe5 f4 56. Kd4 f3 57. Ke3 Kd7 58. Kxf3 Ke6 59. Ke4 1-0


[Site "https://www.chess.com"]

[Event "Titled Tuesday Blitz October 31 Late 2023"]
[White "Bazilius, Augustinas"]
[Black "Schut, Han"]
[WhiteFideId "12832251"]
[BlackFideId "1005561"]
[WhiteElo "2513"]
[BlackElo "2285"]
[Result "0-1"]
[Round "3"]
[TimeControl "180+1"]
[Date "2023.10.31"]
[WhiteClock "0:00:02"]
[BlackClock "0:00:39"]
[Board "140"]

1. d4 Nf6 2. c4 g6 3. Nf3 Bg7 4. g3 O-O 5. Bg2 d5 6. O-O dxc4 7. Na3 c3 8. bxc3 c5 9. Bb2 cxd4 10. cxd4 Nc6 11. Ne5 Nxe5 12. dxe5 Qxd1 13. Rfxd1 Ng4 14. f4 Ne3 15. Rd3 Nxg2 16. Kxg2 b6 17. Rad1 Be6 18. Bc3 Rfc8 19. R1d2 h5 20. Bd4 Rc1 21. Nb5 a6 22. Nc7 Rxc7 23. Bxb6 Rb7 24. Bc5 Rc8 25. Rd8+ Rxd8 26. Rxd8+ Kh7 27. a4 f6 28. exf6 exf6 29. e4 Rd7 30. Ra8 Bc4 31. Rc8 Bd3 32. Rb8 Bxe4+ 33. Kf2 f5 34. Re8 Bd4+ 35. Bxd4 Rxd4 36. a5 Ra4 37. Re7+ Kh6 38. h3 Rxa5 39. g4 hxg4 40. hxg4 Ra3 41. g5+ Kh5 42. Rh7+ Kg4 43. Rh6 Kxf4 44. Rxg6 Rg3 45. Rxa6 Rxg5 46. Kf1 Rg3 47. Ra2 Rf3+ 48. Kg1 Kg3 49. Rg2+ Kf4 50. Rh2 Rg3+ 51. Kf1 Bd3+ 52. Kf2 Rg4 53. Rh3 Be4 54. Rh8 Rg3 55. Kf1 Kf3 56. Rh2 f4 57. Rf2+ Kg4 58. Re2 Bd3 59. Kf2 Bxe2 60. Ke1 Ba6 61. Kf2 f3 62. Ke1 Rg2 63. Kd1 Kg3 64. Ke1 Kf4 65. Kd1 Ke3 66. Ke1 Rg1# 0-1


[Site "https://www.chess.com"]

[Event "Titled Tuesday Blitz October 31 Late 2023"]
[White "thechessnoob12345"]
[Black "Korkmaz, Necmettin"]
[BlackFideId "6303285"]
[WhiteElo "2271"]
[BlackElo "2491"]
[Result "0-1"]
[Round "3"]
[TimeControl "180+1"]
[Date "2023.10.31"]
[WhiteClock "0:00:44"]
[BlackClock "0:01:21"]
[Board "141"]

1. d4 d5 2. c4 e5 3. dxe5 d4 4. Nf3 Nc6 5. Nbd2 Nge7 6. Nb3 Nf5 7. g4 Nh4 8. Nbxd4 Nxe5 9. Nxe5 Bb4+ 10. Bd2 Qxd4 11. Bxb4 Qxe5 12. Qd5 Qxb2 13. Qe4+ Be6 14. Rb1 Qxa2 15. Bc3 Qxc4 16. Qxc4 Bxc4 17. Bxg7 Rg8 18. Bf6 Rxg4 19. h3 Rf4 20. Bg5 Re4 21. Bxh4 Rxh4 22. e3 O-O-O 23. Bxc4 Rxc4 24. O-O a5 25. Rfe1 a4 26. e4 Rdd4 27. e5 Re4 28. Kg2 Rxe1 29. Rxe1 a3 30. Kg3 Ra4 31. f4 a2 32. Ra1 b5 33. f5 Kd7 0-1


[Site "https://www.chess.com"]

[Event "Titled Tuesday Blitz October 31 Late 2023"]
[White "Bilan, Danila"]
[Black "Cardozo Munar, Carlos Eduardo"]
[WhiteFideId "24161918"]
[BlackFideId "4409477"]
[WhiteElo "2468"]
[BlackElo "2260"]
[Result "1-0"]
[Round "3"]
[TimeControl "180+1"]
[Date "2023.10.31"]
[WhiteClock "0:01:13"]
[BlackClock "0:01:19"]
[Board "142"]

1. d4 d5 2. Nf3 c6 3. Bg5 e6 4. Bxd8 Kxd8 5. Ne5 Ke8 6. e3 Nf6 7. c4 Nbd7 8. Nc3 Bd6 9. f4 Ke7 10. Bd3 h6 11. Qf3 g5 12. f5 Bxe5 13. dxe5 Nxe5 14. Qe2 Nxd3+ 15. Qxd3 dxc4 16. Qxc4 exf5 17. Qc5+ Ke8 18. O-O-O Be6 19. Qe5 Ke7 20. e4 Nxe4 21. Nxe4 fxe4 22. Qc7+ Kf6 23. Rhf1+ Kg6 24. Qe5 Rhe8 25. Rf6+ Kh7 26. Qxe4+ Kg7 27. Qe5 Kh7 28. Rdf1 Bxa2 29. Rxf7+ Bxf7 30. Rxf7+ Kg6 31. Qf5+ Kh5 32. Rf6 Re3 33. g4+ 1-0


[Site "https://www.chess.com"]

[Event "Titled Tuesday Blitz October 31 Late 2023"]
[White "Smirnov, Timofey"]
[Black "Mushini Ajay"]
[WhiteFideId "24176427"]
[BlackFideId "35066188"]
[WhiteElo "2257"]
[BlackElo "2424"]
[Result "0-1"]
[Round "3"]
[TimeControl "180+1"]
[Date "2023.10.31"]
[WhiteClock "0:00:00"]
[BlackClock "0:00:39"]
[Board "143"]

1. d4 Nf6 2. Bf4 c5 3. e3 d5 4. c3 cxd4 5. exd4 Nc6 6. Bd3 Bg4 7. Nf3 e6 8. h3 Bxf3 9. Qxf3 Bd6 10. Bxd6 Qxd6 11. O-O O-O 12. Nd2 Rab8 13. a4 a6 14. Nb3 b5 15. axb5 axb5 16. Nc5 b4 17. Ra6 bxc3 18. bxc3 Nd7 19. Ne4 dxe4 20. Bxe4 Nxd4 21. Rxd6 Nxf3+ 22. Bxf3 Ne5 23. Be4 Rfc8 24. Rfd1 g6 25. f4 Nc4 26. Rd7 Nb6 27. Ra7 Rxc3 28. Rb1 Nd7 29. Rxb8+ Nxb8 30. Ra8 Rb3 31. Kf2 Kg7 32. Ra7 Rb6 33. Kg3 Na6 34. Bd3 Nb4 35. Be4 Rd6 36. Bf3 Nd3 37. Ra3 Rd4 38. Be2 Nxf4 39. Bf3 h5 40. h4 f5 41. Ra6 Kf6 42. Ra8 e5 43. Ra6+ Kg7 44. Ra7+ Kh6 45. Ra8 Nd3 46. Ra3 e4 47. Be2 f4+ 48. Kh2 Nf2 49. Kg1 Ng4 50. Ra6 Rd2 51. Bf1 f3 52. gxf3 exf3 53. Ra3 Ne5 0-1


[Site "https://www.chess.com"]

[Event "Titled Tuesday Blitz October 31 Late 2023"]
[White "Devagharan, Devina"]
[Black "Slavin, Alexey"]
[WhiteFideId "2061600"]
[BlackFideId "24104388"]
[WhiteElo "2419"]
[BlackElo "2254"]
[Result "1-0"]
[Round "3"]
[TimeControl "180+1"]
[Date "2023.10.31"]
[WhiteClock "0:00:03"]
[BlackClock "0:00:00"]
[Board "144"]

1. d4 Nc6 2. c4 e5 3. d5 Nce7 4. Nc3 Ng6 5. e4 Bc5 6. Bd3 Nf6 7. h3 a6 8. Nge2 O-O 9. g4 d6 10. Ng3 Nf4 11. Qf3 Nxd3+ 12. Qxd3 c6 13. g5 Ne8 14. Bd2 Nc7 15. a4 cxd5 16. cxd5 f6 17. b4 Bxb4 18. h4 Bc5 19. Nf5 b5 20. axb5 axb5 21. Rxa8 Nxa8 22. Rg1 g6 23. gxf6 Qxf6 24. Bg5 Qh8 25. Nh6+ Kg7 26. Nd1 Nb6 27. Qxb5 Bd7 28. Qa6 Rf3 29. Qb7 Qf8 30. Rg2 Kh8 31. h5 Bb5 32. hxg6 Bb4+ 33. Bd2 Bxd2+ 34. Kxd2 hxg6 35. Ng4 Rd3+ 36. Kc2 Qc8+ 37. Qxc8+ Nxc8 38. Nde3 Kg7 39. Rh2 Ne7 40. f3 1-0


[Site "https://www.chess.com"]

[Event "Titled Tuesday Blitz October 31 Late 2023"]
[White "victormago"]
[Black "Lock, Gavin R"]
[BlackFideId "408646"]
[WhiteElo "2407"]
[BlackElo "2247"]
[Result "1-0"]
[Round "3"]
[TimeControl "180+1"]
[Date "2023.10.31"]
[WhiteClock "0:01:33"]
[BlackClock "0:00:00"]
[Board "145"]

1. d4 d5 2. c4 e6 3. Nc3 Nf6 4. cxd5 exd5 5. Bg5 c6 6. Qc2 h6 7. Bh4 Be7 8. e3 O-O 9. Bd3 Re8 10. Nf3 Ne4 11. Bxe7 Qxe7 12. O-O Bf5 13. Rab1 Nd7 14. b4 Nxc3 15. Qxc3 Bxd3 16. Qxd3 a6 17. a4 Nb6 18. Qb3 Nc4 19. Rfc1 b5 20. Rc2 Qe6 21. Ra1 g6 22. Ne1 h5 23. Nd3 Kg7 24. Rca2 Rab8 25. axb5 axb5 26. Nc5 Qf5 27. Qc2 Qxc2 28. Rxc2 Ra8 29. Rca2 Rxa2 30. Rxa2 h4 31. Ra7 Kf6 32. h3 Rc8 33. Kf1 Nd6 34. Nd7+ Kg7 35. Ne5 Nc4 36. Rxf7+ Kg8 37. Rf6 Nxe5 38. dxe5 c5 39. bxc5 Rxc5 40. Rxg6+ Kf7 41. Rb6 1-0


[Site "https://www.chess.com"]

[Event "Titled Tuesday Blitz October 31 Late 2023"]
[White "Davidson, Kevin"]
[Black "Florianovitz, Derlei Alex"]
[WhiteFideId "2056810"]
[BlackFideId "2114178"]
[WhiteElo "2406"]
[BlackElo "2241"]
[Result "0-1"]
[Round "3"]
[TimeControl "180+1"]
[Date "2023.10.31"]
[WhiteClock "0:00:00"]
[BlackClock "0:00:15"]
[Board "146"]

1. e4 e6 2. d4 d5 3. Nc3 Nf6 4. Bg5 dxe4 5. Nxe4 Be7 6. Bxf6 gxf6 7. Nf3 b6 8. Qd2 Bb7 9. Qe3 Nd7 10. O-O-O c6 11. Bc4 Qc7 12. Rhe1 O-O-O 13. c3 h6 14. Kb1 f5 15. Ned2 Bf6 16. Bb3 c5 17. dxc5 Nxc5 18. Bc2 Kb8 19. g3 h5 20. h4 a5 21. Ne5 Bxe5 22. Qxe5 Qxe5 23. Rxe5 Rd6 0-1


[Site "https://www.chess.com"]